AoeStats
← RedPhosphoru

Arabia

509788579Analyzed
1v1 RM · 4d ago on Sep 28, 2026· 17m 40s· 2 players
Game mode
Random Map
Map size
Tiny (2 player)
Population
200
Speed
Normal
Resources
Standard
Victory
Conquest
Starting age
Dark Age
Ending age
Imperial Age
RankedLock teamsTeams togetherTeam positionsShared explorationLock speedFull tech treeHidden civsTurbo modeCheats
Victory
Defeat
🇨🇦 Inca · Canada
1839
+30
🇺🇸 Persians · United States
2313
-30
RedPhosphoru
9:19 Loom
11:20 Feudal Age
12:52 Double-Bit Axe
15:52 Forging
slimeofmind
8:38 Feudal Age
9:27 Double-Bit Axe
9:09 Champi Runner
11:40 Loom
14:49 Horse Collar
15:29 Arson
Connection lost

Rejoining the realm…

Still unreachable

The connection could not be restored.

Session expired

The server has moved on; the page needs a fresh start.